 Dungeon Crawl Stone Soup version 0.17-a0-2220-g6fea741 (webtiles) character file.

114 ololoev the Chopper (level 4, 0/41 HPs)
             Began as a Hill Orc Fighter on Oct 28, 2015.
             Succumbed to an adder's poison
             ... on level 2 of the Dungeon.
             The game lasted 00:03:08 (343 turns).

ololoev the Chopper (Hill Orc Fighter)               Turns: 343, Time: 00:03:08

Health: 0/41       AC:  9    Str: 19    XL:     4   Next: 98%
Magic:  4/4        EV:  5    Int:  8    God:
Gold:   54         SH:  9    Dex: 10    Spells: 0 memorised, 3 levels left

rFire  + + .     SeeInvis .     a - +0 war axe
rCold  . . .     Clarity  .     d - +0 chain mail
rNeg   . . .     SustAt   .     c - +0 shield
rPois  +         Gourm    .     (no helmet)
rElec  +         Spirit   .     (no cloak)
rCorr  +         Warding  .     (no gloves)
rMut   .         Stasis   .     (no boots)
MR     .....                    (no amulet)
Stlth  ..........               (no ring)
                                k - ring of fire

@: lethally poisoned (0 -> -3), resistant, very slightly contaminated, hasted,
very quick, not resistant to hostile enchantments, extremely unstealthy
A: no striking features
a: no special abilities

Inventory:

Hand Weapons
 a - a +0 war axe (weapon)
Missiles
 i - 13 poisoned needles
Armour
 c - a +0 shield (worn)
 d - a +0 chain mail (worn)
 g - a +0 cloak
Jewellery
 k - a ring of fire (left hand)
Scrolls
 b - a scroll of teleportation {unknown}
 f - a scroll of identify {unknown}
 l - a scroll of remove curse {unknown}
Comestibles
 e - a bread ration
 j - a slice of pizza


   Skills:
 + Level 4.7 Fighting
 * Level 5.0 Axes
 + Level 3.9 Armour
 - Level 3.2 Shields


You had 3 spell levels left.
You didn't know any spells.


You were on level 2 of the Dungeon.
You were not hungry.

You visited 1 branch of the dungeon, and saw 3 of its levels.

You collected 54 gold pieces.

# . ## ##.###. ...##
......#####.#..#
##.#.#.#.#.#.#.#
#..............
##.#.#.#.#.#.#
##%............
#####.#.#.#.#)#.#.#.#.
.......@.....>.†......
###...#.#.#.#†#.#.#.#.
#.##............ #
##.#.#.#.#.#.#
#..............
##.#.#.#.#.#.#.#
#.#..#.###.###.. #.##.
.# .# .#

Notes
Turn   | Place    | Note
--------------------------------------------------------------
     0 | D:1      | ololoev the Hill Orc Fighter began the quest for the Orb.
     0 | D:1      | Reached XP level 1. HP: 19/19 MP: 1/1
   119 | D:1      | Reached XP level 2. HP: 27/27 MP: 2/2
   225 | D:3      | Noticed Terence
   230 | D:3      | Reached skill level 4 in Fighting
   235 | D:3      | Killed Terence
   235 | D:3      | Reached XP level 3. HP: 25/33 MP: 3/3
   249 | D:3      | Reached XP level 4. HP: 15/41 MP: 4/4
   334 | D:2      | Reached skill level 5 in Axes
   334 | D:2      | HP: 2/41 [poisoned by an adder]
   340 | D:2      | HP: 1/41 [poisoned by an adder]
   343 | D:2      | Succumbed to an adder's poison

Dungeon Overview and Level Annotations

Branches:
Dungeon (3/15)

Altars:


Message History

The adder bites you but does no damage. The adder bites you.
You are poisoned.
The adder poisons you!
You closely miss the adder.
The adder is severely wounded.
You feel sick. The adder bites you. The adder barely misses you.
Your shield and chain mail prevent you from hitting the adder.
The adder is severely wounded.
You feel sick. The adder bites you.
You are lethally poisoned!
The adder poisons you!
You barely miss the adder.
The adder is severely wounded.
You feel sick. The adder barely misses you. The adder barely misses you.
You hit the adder but do no damage.
The adder is severely wounded.
You feel sick. You block the adder's attack.
The adder bites you but does no damage.
Drink which item? (? for menu, Esc to quit)
It was a potion of haste.
You feel yourself speed up.
You feel sick. The adder bites you but does no damage.
You are very lightly contaminated with residual magic.
Drink which item? (? for menu, Esc to quit)
It was a potion of resistance.
You feel protected. You block the adder's attack.
You hit the adder.
You kill the adder!
Your Axes skill increases to level 5!
You feel sick.
There is a stone staircase leading down, spattered with blood here.
You see here a kobold corpse.
You feel sick.
Found a beef jerky.
You see here a scroll labeled AJOEXK AWUMP.
b - a scroll labeled AJOEXK AWUMP You feel sick.
You see here a cloak.
g - a cloak You die...

There were no monsters in sight!

Vanquished Creatures
  An orc priest (D:3)
  Terence (D:3)
  2 adders
  An ooze (D:2)
  A worm (D:3)
  3 orcs (D:3)
  A ball python (D:1)
  5 bats
  2 giant cockroaches
  2 goblins (D:2)
  A hobgoblin (D:3)
  8 kobolds
  A quokka (D:3)
  A giant newt (D:2)
  2 rats (D:2)
32 creatures vanquished.

Action                   |  1- 3 |  4- 6 || total
-------------------------+-------+-------++-------
Melee: War axe           |    46 |    23 ||    69
  Use: Potion            |     1 |     2 ||     3

Vault maps used:
D:1:      minmay_arrival_cross
D:2:      st_stairs_11, uniq_natasha
D:3:      nicolae_ru_awakened_eye, ecumenical_altar_1, due_unseen_surprise,
          uniq_terence
